[ PARTIDA AOE2 · #486731995 ]
UnrankedEtíopes vs Georgians
Equipo del jugador · DERR
[ ANÁLISIS DE REPETICIÓN · EXTRAÍDO DE LA PARTIDA GRABADA ]
Feudal
9:02
Castillos
24:07
Imperial
—
| APM promedio | 42.7 |
| APM pico | 81 |
| eAPM promedio | 17.6 |
| Aldeanos / militares | 92 / 69 |
Foco
⚔️ 36.8% · 🌾 63.2%
Archer ×62 · Spearman ×6 · Monk ×1
Feudal
9:46
Castillos
21:29
Imperial
—
| APM promedio | 28.2 |
| APM pico | 73 |
| eAPM promedio | 14.6 |
| Aldeanos / militares | 121 / 37 |
Foco
⚔️ 32.1% · 🌾 67.9%
Knight ×25 · Scout Cavalry ×8 · Spearman ×3 · Monk ×1
Feudal
9:17
Castillos
26:09
Imperial
—
| APM promedio | 64.6 |
| APM pico | 108 |
| eAPM promedio | 31.4 |
| Aldeanos / militares | 117 / 105 |
Foco
⚔️ 22.2% · 🌾 77.8%
Battle Elephant ×51 · Scout Cavalry ×40 · Knight ×14
Feudal
11:43
Castillos
21:03
Imperial
36:56
| APM promedio | 26.0 |
| APM pico | 65 |
| eAPM promedio | 15.8 |
| Aldeanos / militares | 168 / 43 |
Foco
⚔️ 23.3% · 🌾 76.7%
Konnik ×35 · Militia ×5 · Archer ×3
Feudal
9:43
Castillos
21:43
Imperial
37:56
| APM promedio | 43.1 |
| APM pico | 75 |
| eAPM promedio | 30.0 |
| Aldeanos / militares | 205 / 175 |
Foco
⚔️ 43.6% · 🌾 56.4%
Archer ×171 · Battering Ram ×4
Feudal
11:25
Castillos
15:18
Imperial
—
| APM promedio | 52.3 |
| APM pico | 127 |
| eAPM promedio | 20.8 |
| Aldeanos / militares | 108 / 75 |
Foco
⚔️ 24.9% · 🌾 75.1%
Knight ×26 · Monk ×16 · Camel Scout ×14 · Scorpion ×12 · Battering Ram ×7
Feudal
9:06
Castillos
22:04
Imperial
—
| APM promedio | 45.5 |
| APM pico | 90 |
| eAPM promedio | 21.8 |
| Aldeanos / militares | 97 / 68 |
Foco
⚔️ 30.9% · 🌾 69.1%
Steppe Lancer ×56 · Scout Cavalry ×10 · Spearman ×2
Feudal
9:31
Castillos
21:53
Imperial
37:49
| APM promedio | 31.2 |
| APM pico | 69 |
| eAPM promedio | 17.1 |
| Aldeanos / militares | 133 / 134 |
Foco
⚔️ 19.2% · 🌾 80.8%
Knight ×70 · Scout Cavalry ×45 · Spearman ×15 · Monk ×2 · Mangonel ×2
Mapa de la partida
Recursos iniciales + cada clic de construcción. Líneas = muros · curvas = relieve. ◆ oro · ⬟ piedra · ● bayas · ✦ reliquia · ◌ hueco del cierre
Tu base· Abierta — hueco de 6t
Base de rpallarols· ✓ Cerrada en 21:29 · 81t muro · 1 puerta(s)
Base de Princess Mi Amore Cadenza· ✓ Cerrada en 26:09 · 73t muro · 3 puerta(s)
Base de 巧哥· ✓ Cerrada en 21:03 · 50t muro · sin puerta
Base de Wolo10· Abierta — hueco de 4t
Base de chengaopeng044· Abierta — flanco sin cerrar
Base de タタールが村に入った5番· ✓ Cerrada en 22:04 · 29t muro · 1 puerta(s)
Base de Rogue Knight· Abierta — flanco sin cerrar
Terreno inicial suavizado · ◌ = hueco del cierre detectado · pasá el cursor para detalles
Inputs por minuto
— 金耀林 - - rpallarols
Build order — 金耀林
Primeras 150 de 277 acciones detectadas
| 0:02 | Crear | Villager (Male) |
| 0:02 | Crear | Villager (Male) |
| 0:04 | Construir | House |
| 0:06 | Construir | House |
| 0:26 | Crear | Villager (Male) |
| 0:27 | Crear | Villager (Male) |
| 1:31 | Crear | Villager (Male) |
| 1:31 | Crear | Villager (Male) |
| 1:57 | Construir | Lumber Camp |
| 2:00 | Crear | Villager (Male) |
| 2:00 | Crear | Villager (Male) |
| 2:16 | Crear | Villager (Male) |
| 2:16 | Crear | Villager (Male) |
| 2:17 | Crear | Villager (Male) |
| 2:45 | Crear | Villager (Male) |
| 2:45 | Crear | Villager (Male) |
| 3:01 | Crear | Villager (Male) |
| 3:01 | Crear | Villager (Male) |
| 3:01 | Crear | Villager (Male) |
| 3:46 | Crear | Villager (Male) |
| 3:46 | Crear | Villager (Male) |
| 3:52 | Construir | House |
| 3:58 | Construir | House |
| 4:08 | Crear | Villager (Male) |
| 4:08 | Crear | Villager (Male) |
| 4:08 | Crear | Villager (Male) |
| 4:59 | Crear | Villager (Male) |
| 5:15 | Construir | Mining Camp |
| 5:23 | Crear | Villager (Male) |
| 5:35 | Crear | Villager (Male) |
| 6:17 | Crear | Villager (Male) |
| 6:52 | Investigar | Feudal Age |
| 6:52 | Investigar | Feudal Age |
| 7:38 | Crear | Villager (Male) |
| 7:39 | Investigar | Loom |
| 8:00 | Construir | Barracks |
| 9:02 | Edad | Edad Feudal |
| 9:05 | Construir | Archery Range |
| 9:24 | Construir | Archery Range |
| 9:29 | Crear | Villager (Male) |
| 9:35 | Investigar | Double-Bit Axe |
| 9:35 | Investigar | Double-Bit Axe |
| 9:35 | Investigar | Double-Bit Axe |
| 9:53 | Construir | Blacksmith |
| 9:55 | Crear | Archer |
| 10:12 | Crear | Villager (Male) |
| 10:19 | Crear | Archer |
| 10:19 | Crear | Archer |
| 10:27 | Construir | Mill |
| 10:50 | Construir | House |
| 10:52 | Construir | Palisade Gate |
| 11:02 | Crear | Villager (Male) |
| 11:11 | Crear | Archer |
| 11:11 | Crear | Archer |
| 11:19 | Crear | Villager (Male) |
| 11:23 | Construir | Farm |
| 11:39 | Construir | Farm |
| 11:55 | Investigar | Fletching |
| 11:55 | Investigar | Fletching |
| 12:04 | Construir | Farm |
| 12:40 | Crear | Villager (Male) |
| 12:52 | Crear | Archer |
| 12:52 | Crear | Archer |
| 12:52 | Crear | Archer |
| 13:19 | Crear | Archer |
| 13:38 | Crear | Villager (Male) |
| 13:39 | Crear | Villager (Male) |
| 13:41 | Construir | Farm |
| 13:42 | Construir | Farm |
| 13:42 | Construir | Farm |
| 13:42 | Construir | Farm |
| 13:50 | Crear | Archer |
| 13:58 | Construir | House |
| 14:01 | Construir | House |
| 14:02 | Construir | House |
| 14:06 | Crear | Villager (Male) |
| 14:06 | Crear | Villager (Male) |
| 14:28 | Crear | Villager (Male) |
| 14:30 | Crear | Archer |
| 14:30 | Crear | Archer |
| 14:30 | Crear | Archer |
| 14:31 | Crear | Archer |
| 15:15 | Crear | Villager (Male) |
| 15:19 | Crear | Archer |
| 15:22 | Investigar | Padded Archer Armor |
| 15:24 | Crear | Spearman |
| 15:25 | Crear | Spearman |
| 15:44 | Construir | Farm |
| 15:48 | Construir | Farm |
| 15:52 | Crear | Villager (Male) |
| 15:57 | Crear | Archer |
| 15:57 | Crear | Archer |
| 16:02 | Construir | House |
| 16:05 | Construir | House |
| 16:10 | Crear | Spearman |
| 16:18 | Crear | Villager (Male) |
| 17:02 | Crear | Spearman |
| 17:08 | Crear | Villager (Male) |
| 17:09 | Crear | Villager (Male) |
| 17:10 | Crear | Archer |
| 17:10 | Crear | Archer |
| 17:36 | Crear | Spearman |
| 18:08 | Construir | House |
| 18:21 | Crear | Villager (Male) |
| 18:21 | Crear | Villager (Male) |
| 18:23 | Crear | Archer |
| 18:23 | Crear | Archer |
| 18:48 | Crear | Villager (Male) |
| 19:21 | Crear | Villager (Male) |
| 20:02 | Investigar | Wheelbarrow |
| 20:57 | Crear | Archer |
| 20:58 | Crear | Archer |
| 21:01 | Crear | Archer |
| 21:01 | Crear | Archer |
| 21:27 | Investigar | Castle Age |
| 21:28 | Investigar | Castle Age |
| 21:28 | Investigar | Castle Age |
| 22:08 | Construir | Farm |
| 22:13 | Construir | Farm |
| 22:14 | Construir | Farm |
| 22:23 | Construir | Archery Range |
| 22:30 | Crear | Archer |
| 22:34 | Crear | Archer |
| 22:51 | Crear | Archer |
| 22:51 | Crear | Archer |
| 24:07 | Edad | Edad de los Castillos |
| 24:10 | Investigar | Crossbowman (upgrade) |
| 24:12 | Investigar | Thumb Ring |
| 24:21 | Construir | Lumber Camp |
| 24:28 | Crear | Archer |
| 24:28 | Crear | Archer |
| 24:28 | Crear | Archer |
| 24:29 | Crear | Archer |
| 24:54 | Investigar | Thumb Ring |
| 24:58 | Investigar | Bow Saw |
| 24:59 | Crear | Villager (Male) |
| 25:18 | Crear | Villager (Male) |
| 25:26 | Crear | Villager (Male) |
| 25:47 | Construir | Town Center |
| 25:59 | Construir | House |
| 26:06 | Crear | Villager (Male) |
| 26:11 | Crear | Archer |
| 26:47 | Crear | Villager (Male) |
| 26:52 | Crear | Villager (Male) |
| 26:56 | Crear | Villager (Male) |
| 27:11 | Crear | Archer |
| 27:15 | Construir | Archery Range |
| 27:21 | Crear | Spearman |
| 27:35 | Construir | Blacksmith |
| 27:55 | Crear | Archer |
Build order — rpallarols
Primeras 150 de 300 acciones detectadas
| 0:01 | Crear | Villager (Male) |
| 0:01 | Crear | Villager (Male) |
| 0:03 | Construir | House |
| 0:04 | Construir | House |
| 0:28 | Crear | Villager (Male) |
| 0:28 | Crear | Villager (Male) |
| 0:28 | Crear | Villager (Male) |
| 1:33 | Crear | Villager (Male) |
| 2:02 | Crear | Villager (Male) |
| 2:22 | Crear | Villager (Male) |
| 2:43 | Crear | Villager (Male) |
| 3:19 | Crear | Villager (Male) |
| 3:19 | Crear | Villager (Male) |
| 3:42 | Construir | House |
| 3:43 | Construir | House |
| 3:50 | Crear | Villager (Male) |
| 3:50 | Crear | Villager (Male) |
| 4:06 | Crear | Villager (Male) |
| 4:25 | Construir | Mill |
| 4:30 | Crear | Villager (Male) |
| 4:43 | Construir | Palisade Wall |
| 4:59 | Crear | Villager (Male) |
| 5:26 | Crear | Villager (Male) |
| 5:49 | Construir | Palisade Wall |
| 5:56 | Crear | Villager (Male) |
| 5:56 | Crear | Villager (Male) |
| 6:27 | Crear | Villager (Male) |
| 6:28 | Investigar | Loom |
| 7:00 | Construir | Palisade Wall |
| 7:36 | Investigar | Feudal Age |
| 7:50 | Construir | Barracks |
| 7:59 | Construir | Palisade Gate |
| 8:30 | Crear | Villager (Male) |
| 8:30 | Crear | Villager (Male) |
| 8:34 | Construir | House |
| 8:37 | Construir | Palisade Wall |
| 9:46 | Edad | Edad Feudal |
| 9:48 | Construir | Stable |
| 9:55 | Investigar | Double-Bit Axe |
| 10:00 | Construir | Palisade Wall |
| 10:07 | Construir | Farm |
| 10:11 | Construir | Farm |
| 10:13 | Crear | Villager (Male) |
| 10:24 | Construir | Farm |
| 10:41 | Crear | Scout Cavalry |
| 10:41 | Crear | Scout Cavalry |
| 10:51 | Crear | Villager (Male) |
| 10:54 | Construir | Farm |
| 11:09 | Construir | Palisade Wall |
| 11:11 | Crear | Villager (Male) |
| 11:16 | Crear | Scout Cavalry |
| 11:20 | Construir | Farm |
| 11:38 | Construir | House |
| 11:39 | Crear | Villager (Male) |
| 11:56 | Construir | Palisade Wall |
| 12:00 | Crear | Villager (Male) |
| 12:05 | Construir | Farm |
| 12:06 | Crear | Scout Cavalry |
| 12:14 | Crear | Villager (Male) |
| 12:19 | Construir | Farm |
| 12:33 | Construir | House |
| 12:34 | Construir | House |
| 12:37 | Crear | Villager (Male) |
| 12:41 | Crear | Scout Cavalry |
| 12:58 | Construir | Farm |
| 12:58 | Construir | Farm |
| 12:59 | Construir | Farm |
| 13:00 | Crear | Villager (Male) |
| 13:08 | Construir | Farm |
| 13:12 | Crear | Villager (Male) |
| 13:32 | Construir | Farm |
| 13:32 | Crear | Scout Cavalry |
| 13:55 | Investigar | Wheelbarrow |
| 13:56 | Investigar | Wheelbarrow |
| 14:02 | Construir | Farm |
| 14:07 | Construir | Farm |
| 14:17 | Construir | Palisade Wall |
| 14:24 | Construir | House |
| 14:40 | Crear | Villager (Male) |
| 14:50 | Crear | Scout Cavalry |
| 14:50 | Crear | Scout Cavalry |
| 15:00 | Crear | Villager (Male) |
| 15:18 | Crear | Villager (Male) |
| 15:30 | Construir | House |
| 15:34 | Construir | House |
| 15:41 | Construir | Mule Cart |
| 15:47 | Construir | Farm |
| 15:51 | Construir | House |
| 15:52 | Construir | House |
| 15:54 | Crear | Villager (Male) |
| 16:14 | Crear | Villager (Male) |
| 16:22 | Construir | Blacksmith |
| 16:29 | Construir | House |
| 16:57 | Construir | Farm |
| 16:58 | Construir | Farm |
| 16:58 | Construir | Farm |
| 16:58 | Construir | Farm |
| 17:20 | Construir | Palisade Wall |
| 17:27 | Construir | House |
| 17:47 | Crear | Spearman |
| 17:47 | Crear | Spearman |
| 18:00 | Construir | House |
| 18:22 | Crear | Villager (Male) |
| 18:23 | Crear | Villager (Male) |
| 18:24 | Crear | Spearman |
| 18:37 | Crear | Villager (Male) |
| 18:49 | Investigar | Castle Age |
| 19:14 | Construir | Palisade Wall |
| 19:17 | Construir | Palisade Wall |
| 19:31 | Construir | House |
| 19:33 | Construir | House |
| 19:36 | Investigar | Horse Collar |
| 19:44 | Construir | House |
| 19:45 | Construir | House |
| 19:53 | Investigar | Scale Barding Armor |
| 20:07 | Investigar | Bloodlines |
| 20:07 | Investigar | Bloodlines |
| 20:38 | Crear | Villager (Male) |
| 20:38 | Crear | Villager (Male) |
| 20:46 | Construir | Stable |
| 21:29 | Edad | Edad de los Castillos |
| 21:31 | Construir | Palisade Wall |
| 21:33 | Crear | Villager (Male) |
| 21:45 | Crear | Knight |
| 21:45 | Crear | Knight |
| 21:49 | Investigar | Forging |
| 22:02 | Construir | Farm |
| 22:14 | Crear | Knight |
| 22:14 | Crear | Knight |
| 22:25 | Crear | Villager (Male) |
| 22:33 | Construir | Farm |
| 22:44 | Crear | Knight |
| 23:17 | Investigar | Light Cavalry (upgrade) |
| 23:19 | Construir | Farm |
| 23:24 | Construir | Farm |
| 23:31 | Crear | Villager (Male) |
| 23:55 | Crear | Villager (Male) |
| 24:02 | Construir | Monastery |
| 24:09 | Crear | Villager (Male) |
| 24:18 | Construir | Farm |
| 24:26 | Crear | Villager (Male) |
| 24:48 | Construir | Farm |
| 24:51 | Crear | Villager (Male) |
| 25:08 | Crear | Villager (Male) |
| 25:09 | Construir | Farm |
| 25:33 | Crear | Villager (Male) |
| 25:39 | Construir | Farm |
| 25:47 | Crear | Villager (Male) |
| 25:51 | Construir | Farm |
| 26:03 | Investigar | Husbandry |
Build order — Princess Mi Amore Cadenza
Primeras 150 de 343 acciones detectadas
| 0:02 | Crear | Villager (Male) |
| 0:02 | Crear | Villager (Male) |
| 0:03 | Crear | Villager (Male) |
| 0:04 | Construir | House |
| 0:05 | Construir | House |
| 0:36 | Crear | Villager (Male) |
| 1:24 | Crear | Villager (Male) |
| 1:25 | Crear | Villager (Male) |
| 1:45 | Crear | Villager (Male) |
| 1:45 | Crear | Villager (Male) |
| 1:45 | Crear | Villager (Male) |
| 2:26 | Crear | Villager (Male) |
| 2:26 | Crear | Villager (Male) |
| 2:43 | Crear | Villager (Male) |
| 2:43 | Crear | Villager (Male) |
| 2:44 | Crear | Villager (Male) |
| 3:13 | Crear | Villager (Male) |
| 3:13 | Crear | Villager (Male) |
| 3:13 | Crear | Villager (Male) |
| 3:19 | Construir | Lumber Camp |
| 3:43 | Crear | Villager (Male) |
| 3:43 | Crear | Villager (Male) |
| 3:44 | Crear | Villager (Male) |
| 3:59 | Crear | Villager (Male) |
| 3:59 | Crear | Villager (Male) |
| 4:17 | Construir | House |
| 5:03 | Crear | Villager (Male) |
| 5:03 | Crear | Villager (Male) |
| 5:08 | Crear | Villager (Male) |
| 5:09 | Crear | Villager (Male) |
| 5:09 | Crear | Villager (Male) |
| 5:09 | Crear | Villager (Male) |
| 5:23 | Crear | Villager (Male) |
| 5:23 | Crear | Villager (Male) |
| 5:24 | Crear | Villager (Male) |
| 5:37 | Construir | Mill |
| 6:09 | Investigar | Loom |
| 7:05 | Investigar | Feudal Age |
| 7:05 | Investigar | Feudal Age |
| 7:22 | Construir | Lumber Camp |
| 7:57 | Construir | House |
| 8:10 | Crear | Villager (Male) |
| 8:10 | Crear | Villager (Male) |
| 8:33 | Construir | House |
| 8:53 | Construir | Palisade Wall |
| 8:56 | Construir | Palisade Wall |
| 9:08 | Construir | House |
| 9:17 | Edad | Edad Feudal |
| 9:21 | Construir | Stable |
| 9:25 | Investigar | Double-Bit Axe |
| 9:25 | Investigar | Double-Bit Axe |
| 9:30 | Crear | Villager (Male) |
| 9:52 | Crear | Villager (Male) |
| 9:55 | Construir | Farm |
| 10:06 | Crear | Scout Cavalry |
| 10:06 | Crear | Scout Cavalry |
| 10:16 | Construir | Farm |
| 10:18 | Construir | House |
| 10:19 | Construir | Palisade Wall |
| 10:26 | Construir | Palisade Wall |
| 10:33 | Construir | Farm |
| 10:40 | Crear | Villager (Male) |
| 10:56 | Crear | Scout Cavalry |
| 11:01 | Construir | Farm |
| 11:07 | Construir | Palisade Wall |
| 11:11 | Crear | Villager (Male) |
| 11:17 | Construir | Farm |
| 11:29 | Crear | Villager (Male) |
| 11:39 | Construir | Farm |
| 11:53 | Construir | House |
| 11:55 | Crear | Villager (Male) |
| 11:59 | Construir | Palisade Wall |
| 12:06 | Construir | Palisade Gate |
| 12:09 | Crear | Villager (Male) |
| 12:15 | Construir | Farm |
| 12:17 | Crear | Villager (Male) |
| 12:42 | Construir | Farm |
| 12:43 | Construir | Farm |
| 12:47 | Crear | Villager (Male) |
| 13:12 | Crear | Scout Cavalry |
| 13:12 | Crear | Scout Cavalry |
| 13:13 | Crear | Villager (Male) |
| 13:21 | Crear | Villager (Male) |
| 13:30 | Construir | Stable |
| 13:31 | Construir | Palisade Wall |
| 13:35 | Crear | Villager (Male) |
| 13:47 | Construir | House |
| 13:49 | Crear | Villager (Male) |
| 13:55 | Construir | Farm |
| 14:03 | Construir | Palisade Wall |
| 14:33 | Crear | Scout Cavalry |
| 14:33 | Crear | Scout Cavalry |
| 14:36 | Construir | House |
| 14:40 | Construir | House |
| 14:47 | Crear | Villager (Male) |
| 14:51 | Construir | Farm |
| 15:14 | Crear | Scout Cavalry |
| 15:20 | Crear | Villager (Male) |
| 15:23 | Construir | Farm |
| 15:25 | Crear | Scout Cavalry |
| 15:25 | Crear | Scout Cavalry |
| 15:53 | Crear | Scout Cavalry |
| 15:57 | Crear | Villager (Male) |
| 15:59 | Construir | Farm |
| 16:17 | Crear | Villager (Male) |
| 16:38 | Crear | Scout Cavalry |
| 16:54 | Crear | Villager (Male) |
| 16:55 | Construir | Farm |
| 16:56 | Construir | Farm |
| 17:01 | Crear | Scout Cavalry |
| 17:01 | Crear | Scout Cavalry |
| 17:01 | Crear | Scout Cavalry |
| 17:11 | Crear | Villager (Male) |
| 17:13 | Construir | Farm |
| 17:23 | Construir | Palisade Wall |
| 17:32 | Construir | Palisade Wall |
| 17:37 | Construir | Palisade Wall |
| 17:55 | Crear | Scout Cavalry |
| 17:56 | Crear | Villager (Male) |
| 18:06 | Construir | Palisade Wall |
| 18:13 | Construir | Blacksmith |
| 18:27 | Crear | Scout Cavalry |
| 18:27 | Crear | Scout Cavalry |
| 18:30 | Crear | Scout Cavalry |
| 18:42 | Crear | Villager (Male) |
| 18:49 | Investigar | Horse Collar |
| 18:49 | Investigar | Horse Collar |
| 19:00 | Crear | Villager (Male) |
| 19:08 | Investigar | Scale Barding Armor |
| 19:08 | Investigar | Scale Barding Armor |
| 19:19 | Crear | Villager (Male) |
| 19:50 | Construir | Farm |
| 19:51 | Construir | Farm |
| 19:52 | Construir | Farm |
| 19:55 | Crear | Villager (Male) |
| 20:05 | Crear | Villager (Male) |
| 20:10 | Investigar | Wheelbarrow |
| 20:10 | Investigar | Wheelbarrow |
| 20:35 | Crear | Villager (Male) |
| 20:38 | Construir | Farm |
| 20:39 | Construir | Farm |
| 20:40 | Construir | Farm |
| 20:45 | Construir | Farm |
| 20:49 | Construir | House |
| 20:55 | Construir | Farm |
| 20:59 | Crear | Scout Cavalry |
| 20:59 | Crear | Scout Cavalry |
| 21:11 | Construir | Palisade Gate |
| 21:17 | Construir | House |
| 21:54 | Construir | House |
Build order — 巧哥
Primeras 150 de 344 acciones detectadas
| 0:02 | Crear | Villager (Male) |
| 0:02 | Crear | Villager (Male) |
| 0:02 | Crear | Villager (Male) |
| 0:03 | Construir | House |
| 0:04 | Construir | House |
| 0:24 | Crear | Villager (Male) |
| 0:24 | Crear | Villager (Male) |
| 1:35 | Crear | Villager (Male) |
| 1:49 | Construir | Lumber Camp |
| 1:59 | Crear | Villager (Male) |
| 1:59 | Crear | Villager (Male) |
| 2:24 | Crear | Villager (Male) |
| 2:24 | Crear | Villager (Male) |
| 2:45 | Crear | Villager (Male) |
| 2:45 | Crear | Villager (Male) |
| 3:03 | Construir | House |
| 3:14 | Crear | Villager (Male) |
| 3:14 | Crear | Villager (Male) |
| 3:31 | Crear | Villager (Male) |
| 3:32 | Crear | Villager (Male) |
| 3:45 | Crear | Villager (Male) |
| 3:46 | Crear | Villager (Male) |
| 4:09 | Crear | Villager (Male) |
| 4:54 | Crear | Villager (Male) |
| 4:54 | Crear | Villager (Male) |
| 4:54 | Crear | Villager (Male) |
| 4:55 | Crear | Villager (Male) |
| 5:02 | Construir | Barracks |
| 5:26 | Construir | House |
| 5:43 | Crear | Villager (Male) |
| 5:46 | Crear | Villager (Male) |
| 5:47 | Crear | Militia |
| 5:47 | Crear | Militia |
| 6:21 | Crear | Villager (Male) |
| 6:22 | Crear | Villager (Male) |
| 6:33 | Crear | Villager (Male) |
| 6:33 | Crear | Villager (Male) |
| 6:39 | Crear | Militia |
| 6:40 | Crear | Militia |
| 6:56 | Construir | Mill |
| 7:01 | Crear | Militia |
| 7:12 | Crear | Villager (Male) |
| 7:12 | Crear | Villager (Male) |
| 7:17 | Crear | Villager (Male) |
| 7:18 | Crear | Villager (Male) |
| 7:37 | Investigar | Loom |
| 7:40 | Crear | Villager (Male) |
| 7:42 | Construir | House |
| 7:46 | Crear | Villager (Male) |
| 7:49 | Crear | Villager (Male) |
| 7:55 | Crear | Villager (Male) |
| 8:12 | Crear | Villager (Male) |
| 8:12 | Crear | Villager (Male) |
| 8:21 | Crear | Villager (Male) |
| 8:37 | Crear | Villager (Male) |
| 9:28 | Investigar | Feudal Age |
| 9:47 | Construir | House |
| 9:52 | Construir | House |
| 9:57 | Construir | House |
| 10:02 | Construir | Palisade Wall |
| 10:04 | Crear | Villager (Male) |
| 10:18 | Construir | House |
| 10:26 | Construir | House |
| 10:32 | Construir | House |
| 10:41 | Construir | Mining Camp |
| 10:47 | Construir | House |
| 10:54 | Construir | Palisade Wall |
| 11:01 | Construir | Palisade Wall |
| 11:25 | Construir | Palisade Wall |
| 11:35 | Construir | Palisade Wall |
| 11:36 | Crear | Villager (Male) |
| 11:41 | Crear | Villager (Male) |
| 11:43 | Edad | Edad Feudal |
| 11:58 | Investigar | Double-Bit Axe |
| 12:30 | Construir | Stone Wall |
| 12:36 | Construir | Archery Range |
| 12:44 | Construir | House |
| 12:53 | Construir | Stone Wall |
| 12:57 | Construir | Stone Wall |
| 12:59 | Crear | Villager (Male) |
| 13:15 | Crear | Villager (Male) |
| 13:20 | Construir | House |
| 13:23 | Crear | Archer |
| 13:23 | Crear | Archer |
| 13:26 | Crear | Villager (Male) |
| 13:57 | Construir | Farm |
| 13:58 | Construir | Farm |
| 13:59 | Construir | Farm |
| 14:00 | Crear | Archer |
| 14:01 | Crear | Villager (Male) |
| 14:18 | Construir | Farm |
| 14:38 | Construir | Lumber Camp |
| 14:40 | Crear | Villager (Male) |
| 15:16 | Crear | Villager (Male) |
| 15:24 | Construir | House |
| 15:31 | Crear | Villager (Male) |
| 15:56 | Crear | Villager (Male) |
| 16:01 | Construir | Market |
| 16:09 | Crear | Villager (Male) |
| 16:15 | Construir | Farm |
| 16:31 | Construir | House |
| 16:36 | Construir | House |
| 16:37 | Construir | House |
| 16:38 | Construir | House |
| 16:40 | Construir | House |
| 16:43 | Crear | Villager (Male) |
| 17:00 | Construir | Blacksmith |
| 17:06 | Construir | Stone Wall |
| 17:10 | Construir | Stone Wall |
| 17:14 | Crear | Villager (Male) |
| 17:29 | Crear | Villager (Male) |
| 18:23 | Investigar | Castle Age |
| 18:24 | Investigar | Castle Age |
| 18:47 | Construir | Mining Camp |
| 19:01 | Construir | Farm |
| 19:02 | Construir | Farm |
| 19:04 | Construir | Farm |
| 19:05 | Construir | Farm |
| 19:12 | Construir | Farm |
| 19:24 | Investigar | Stone Mining |
| 20:04 | Investigar | Horse Collar |
| 20:13 | Construir | Lumber Camp |
| 20:27 | Crear | Villager (Male) |
| 21:03 | Edad | Edad de los Castillos |
| 21:12 | Construir | Krepost |
| 21:20 | Crear | Villager (Male) |
| 21:29 | Construir | Town Center |
| 21:34 | Investigar | Bow Saw |
| 21:41 | Crear | Villager (Male) |
| 21:58 | Construir | Farm |
| 22:04 | Crear | Villager (Male) |
| 22:28 | Crear | Villager (Male) |
| 22:31 | Construir | Farm |
| 22:41 | Construir | Town Center |
| 22:43 | Crear | Villager (Male) |
| 22:52 | Crear | Konnik |
| 22:53 | Crear | Konnik |
| 22:59 | Construir | Farm |
| 23:02 | Construir | Farm |
| 23:24 | Crear | Villager (Male) |
| 23:25 | Crear | Villager (Male) |
| 23:29 | Crear | Konnik |
| 23:46 | Construir | Farm |
| 23:50 | Crear | Konnik |
| 23:53 | Crear | Villager (Male) |
| 23:58 | Construir | Farm |
| 24:07 | Construir | Farm |
| 24:10 | Construir | Farm |
| 24:13 | Crear | Villager (Male) |
| 24:25 | Construir | Farm |
Build order — Wolo10
Primeras 150 de 421 acciones detectadas
| 0:02 | Crear | Villager (Male) |
| 0:03 | Crear | Villager (Male) |
| 0:03 | Crear | Villager (Male) |
| 0:03 | Crear | Villager (Male) |
| 0:04 | Construir | House |
| 0:05 | Construir | House |
| 1:08 | Crear | Villager (Male) |
| 1:09 | Crear | Villager (Male) |
| 1:09 | Crear | Villager (Male) |
| 1:33 | Crear | Villager (Male) |
| 1:50 | Crear | Villager (Male) |
| 1:50 | Crear | Villager (Male) |
| 1:50 | Crear | Villager (Male) |
| 2:02 | Construir | Lumber Camp |
| 2:15 | Crear | Villager (Male) |
| 2:15 | Crear | Villager (Male) |
| 2:38 | Crear | Villager (Male) |
| 2:38 | Crear | Villager (Male) |
| 2:55 | Crear | Villager (Male) |
| 2:55 | Crear | Villager (Male) |
| 3:25 | Crear | Villager (Male) |
| 3:25 | Crear | Villager (Male) |
| 3:51 | Crear | Villager (Male) |
| 3:51 | Crear | Villager (Male) |
| 3:51 | Crear | Villager (Male) |
| 3:57 | Construir | House |
| 4:30 | Construir | Mill |
| 4:37 | Crear | Villager (Male) |
| 4:40 | Crear | Villager (Male) |
| 4:40 | Crear | Villager (Male) |
| 5:04 | Crear | Villager (Male) |
| 5:37 | Construir | House |
| 5:42 | Crear | Villager (Male) |
| 6:02 | Crear | Villager (Male) |
| 6:27 | Crear | Villager (Male) |
| 6:31 | Construir | Lumber Camp |
| 6:34 | Crear | Villager (Male) |
| 7:27 | Investigar | Feudal Age |
| 7:27 | Investigar | Feudal Age |
| 7:59 | Construir | Mining Camp |
| 8:05 | Crear | Villager (Male) |
| 8:05 | Crear | Villager (Male) |
| 8:58 | Construir | Barracks |
| 9:43 | Edad | Edad Feudal |
| 9:46 | Investigar | Double-Bit Axe |
| 9:46 | Investigar | Double-Bit Axe |
| 9:56 | Construir | Archery Range |
| 10:21 | Crear | Villager (Male) |
| 10:26 | Construir | Archery Range |
| 10:47 | Crear | Villager (Male) |
| 10:50 | Investigar | Horse Collar |
| 10:51 | Investigar | Horse Collar |
| 10:51 | Investigar | Horse Collar |
| 10:53 | Crear | Archer |
| 11:17 | Crear | Archer |
| 11:22 | Construir | Farm |
| 11:24 | Crear | Villager (Male) |
| 11:26 | Crear | Archer ×3 |
| 11:28 | Crear | Villager (Male) |
| 11:44 | Construir | Farm |
| 11:46 | Construir | Farm |
| 12:04 | Crear | Villager (Male) |
| 12:07 | Construir | Farm |
| 12:11 | Crear | Archer |
| 12:16 | Construir | Farm |
| 12:19 | Crear | Villager (Male) |
| 12:34 | Construir | Farm |
| 12:36 | Construir | Farm |
| 12:37 | Crear | Archer |
| 12:38 | Crear | Archer |
| 12:39 | Crear | Villager (Male) |
| 13:19 | Construir | Blacksmith |
| 13:21 | Investigar | Loom |
| 13:21 | Investigar | Loom |
| 13:23 | Crear | Villager (Male) |
| 13:44 | Crear | Archer |
| 13:45 | Crear | Archer |
| 13:46 | Crear | Villager (Male) |
| 14:02 | Construir | House |
| 14:03 | Construir | Palisade Wall |
| 14:04 | Construir | Palisade Wall |
| 14:06 | Construir | House |
| 14:08 | Crear | Villager (Male) |
| 14:12 | Investigar | Fletching |
| 14:12 | Investigar | Fletching |
| 14:14 | Crear | Villager (Male) |
| 14:22 | Construir | House |
| 14:27 | Construir | House |
| 14:32 | Construir | Farm |
| 14:38 | Crear | Archer |
| 14:38 | Crear | Archer |
| 15:01 | Construir | Farm |
| 15:16 | Construir | Farm |
| 15:18 | Crear | Villager (Male) |
| 15:21 | Construir | Farm |
| 15:24 | Investigar | Wheelbarrow |
| 15:24 | Investigar | Wheelbarrow |
| 15:36 | Crear | Archer |
| 15:37 | Crear | Archer |
| 15:38 | Crear | Villager (Male) |
| 15:45 | Investigar | Gold Mining |
| 15:45 | Investigar | Gold Mining |
| 15:49 | Construir | Palisade Wall |
| 15:55 | Crear | Archer |
| 15:55 | Crear | Archer |
| 15:55 | Crear | Archer |
| 16:24 | Crear | Villager (Male) |
| 16:31 | Construir | Palisade Wall |
| 16:33 | Construir | House |
| 16:38 | Construir | Farm |
| 16:43 | Crear | Archer ×2 |
| 16:43 | Crear | Archer ×2 |
| 16:44 | Crear | Archer ×2 |
| 17:00 | Construir | Farm |
| 17:32 | Construir | Farm |
| 17:32 | Construir | Farm |
| 17:33 | Construir | Farm |
| 17:34 | Construir | Farm |
| 17:40 | Construir | Palisade Wall |
| 17:48 | Crear | Villager (Male) |
| 17:50 | Crear | Villager (Male) |
| 18:14 | Construir | Palisade Wall |
| 18:18 | Construir | House |
| 18:19 | Construir | Palisade Wall |
| 18:20 | Construir | Palisade Wall |
| 18:20 | Construir | Palisade Wall |
| 18:25 | Crear | Archer |
| 18:25 | Crear | Archer |
| 18:26 | Crear | Villager (Male) |
| 18:40 | Crear | Villager (Male) |
| 18:54 | Investigar | Castle Age |
| 18:55 | Investigar | Castle Age |
| 19:21 | Investigar | Padded Archer Armor |
| 19:21 | Investigar | Padded Archer Armor |
| 19:21 | Investigar | Padded Archer Armor |
| 19:34 | Crear | Villager (Male) |
| 19:41 | Construir | Archery Range |
| 19:46 | Crear | Archer |
| 19:46 | Crear | Archer |
| 19:52 | Construir | House |
| 19:58 | Crear | Archer |
| 19:58 | Crear | Archer |
| 20:33 | Crear | Archer |
| 20:33 | Crear | Archer |
| 20:44 | Crear | Archer |
| 21:01 | Construir | House |
| 21:11 | Construir | Mining Camp |
| 21:18 | Crear | Villager (Male) |
| 21:31 | Crear | Villager (Male) |
| 21:43 | Edad | Edad de los Castillos |
Build order — chengaopeng044
Primeras 150 de 308 acciones detectadas
| 0:02 | Crear | Villager (Male) |
| 0:04 | Construir | House |
| 0:10 | Investigar | Loom |
| 0:11 | Investigar | Loom |
| 0:11 | Crear | Villager (Male) |
| 0:11 | Crear | Villager (Male) |
| 0:11 | Crear | Villager (Male) |
| 0:11 | Crear | Villager (Male) |
| 0:12 | Crear | Villager (Male) |
| 1:25 | Construir | House |
| 1:26 | Construir | House |
| 1:27 | Construir | House |
| 1:44 | Crear | Villager (Male) |
| 1:45 | Crear | Villager (Male) |
| 2:17 | Crear | Villager (Male) |
| 2:18 | Crear | Villager (Male) |
| 2:44 | Crear | Villager (Male) |
| 2:44 | Crear | Villager (Male) |
| 3:13 | Crear | Villager (Male) |
| 3:14 | Crear | Villager (Male) |
| 3:21 | Crear | Villager (Male) |
| 3:21 | Crear | Villager (Male) |
| 3:31 | Construir | Lumber Camp |
| 3:54 | Crear | Villager (Male) |
| 3:54 | Crear | Villager (Male) |
| 4:43 | Crear | Villager (Male) |
| 4:44 | Crear | Villager (Male) |
| 4:44 | Crear | Villager (Male) |
| 5:20 | Construir | Mill |
| 5:25 | Crear | Villager (Male) |
| 5:26 | Crear | Villager (Male) |
| 5:47 | Crear | Villager (Male) |
| 5:47 | Crear | Villager (Male) |
| 6:14 | Crear | Villager (Male) |
| 6:14 | Crear | Villager (Male) |
| 6:26 | Crear | Villager (Male) |
| 6:26 | Crear | Villager (Male) |
| 6:43 | Crear | Villager (Male) |
| 6:43 | Crear | Villager (Male) |
| 6:59 | Crear | Villager (Male) |
| 6:59 | Crear | Villager (Male) |
| 7:34 | Crear | Villager (Male) |
| 7:34 | Crear | Villager (Male) |
| 7:34 | Crear | Villager (Male) |
| 8:21 | Crear | Villager (Male) |
| 8:21 | Crear | Villager (Male) |
| 9:14 | Construir | Mining Camp |
| 9:22 | Investigar | Feudal Age |
| 9:22 | Investigar | Feudal Age |
| 10:10 | Construir | Farm |
| 10:44 | Construir | Barracks |
| 11:15 | Construir | Farm |
| 11:19 | Construir | Farm |
| 11:25 | Edad | Edad Feudal |
| 11:37 | Construir | Blacksmith |
| 12:00 | Construir | Stable |
| 12:07 | Construir | Watch Tower |
| 12:52 | Investigar | Castle Age |
| 12:52 | Investigar | Castle Age |
| 13:46 | Construir | Farm |
| 13:46 | Construir | Farm |
| 13:52 | Investigar | Double-Bit Axe |
| 13:52 | Investigar | Double-Bit Axe |
| 13:55 | Construir | Farm |
| 14:09 | Investigar | Scale Barding Armor |
| 14:09 | Investigar | Scale Barding Armor |
| 14:09 | Investigar | Scale Barding Armor |
| 14:31 | Construir | House |
| 14:42 | Construir | Farm |
| 14:44 | Construir | Farm |
| 15:18 | Edad | Edad de los Castillos |
| 15:19 | Crear | Knight |
| 15:19 | Crear | Knight |
| 15:19 | Crear | Knight |
| 15:47 | Construir | Monastery |
| 16:05 | Construir | Farm |
| 16:07 | Crear | Knight |
| 16:08 | Crear | Knight |
| 16:22 | Construir | House |
| 16:25 | Crear | Villager (Male) |
| 16:28 | Construir | Farm |
| 16:40 | Construir | Farm |
| 16:41 | Crear | Villager (Male) |
| 16:41 | Crear | Villager (Male) |
| 16:49 | Crear | Monk |
| 16:49 | Crear | Monk |
| 16:50 | Crear | Monk |
| 17:35 | Crear | Knight |
| 17:37 | Crear | Villager (Male) |
| 17:37 | Crear | Villager (Male) |
| 17:37 | Crear | Villager (Male) |
| 17:58 | Construir | Lumber Camp |
| 18:21 | Crear | Knight |
| 18:21 | Crear | Knight |
| 18:21 | Crear | Knight |
| 19:05 | Crear | Villager (Male) |
| 19:05 | Crear | Villager (Male) |
| 19:06 | Crear | Villager (Male) |
| 19:32 | Crear | Villager (Male) |
| 19:32 | Crear | Villager (Male) |
| 19:32 | Crear | Villager (Male) |
| 19:34 | Construir | Farm |
| 19:35 | Construir | Farm |
| 19:41 | Construir | House |
| 19:42 | Construir | House |
| 20:19 | Crear | Monk |
| 20:32 | Construir | Farm |
| 20:44 | Construir | Siege Workshop |
| 20:48 | Crear | Villager (Male) |
| 20:58 | Construir | House |
| 21:04 | Crear | Knight |
| 21:04 | Crear | Knight |
| 21:18 | Crear | Battering Ram |
| 21:19 | Crear | Scorpion |
| 21:19 | Crear | Scorpion |
| 21:19 | Crear | Scorpion |
| 21:26 | Crear | Villager (Male) |
| 21:29 | Construir | Farm |
| 21:48 | Crear | Villager (Male) |
| 21:48 | Crear | Villager (Male) |
| 21:48 | Crear | Villager (Male) |
| 21:51 | Construir | Farm |
| 21:52 | Construir | Farm |
| 22:04 | Crear | Scorpion |
| 22:04 | Crear | Scorpion |
| 22:04 | Crear | Scorpion |
| 22:59 | Crear | Battering Ram |
| 23:00 | Investigar | Wheelbarrow |
| 23:00 | Investigar | Wheelbarrow |
| 23:00 | Investigar | Wheelbarrow |
| 23:38 | Crear | Knight |
| 23:38 | Crear | Knight |
| 23:39 | Crear | Knight |
| 23:39 | Crear | Knight |
| 24:13 | Crear | Scorpion |
| 24:13 | Crear | Scorpion |
| 24:14 | Crear | Scorpion |
| 24:57 | Crear | Monk |
| 24:57 | Crear | Monk |
| 24:58 | Crear | Monk |
| 25:31 | Investigar | Bow Saw |
| 25:31 | Investigar | Bow Saw |
| 25:34 | Crear | Villager (Male) |
| 25:34 | Crear | Villager (Male) |
| 25:35 | Construir | Farm |
| 25:36 | Construir | Farm |
| 25:37 | Construir | Farm |
| 25:54 | Crear | Battering Ram |
| 25:54 | Crear | Battering Ram |
| 26:06 | Investigar | Bloodlines |
Build order — タタールが村に入った5番
Primeras 150 de 243 acciones detectadas
| 0:04 | Crear | Villager (Male) |
| 0:05 | Crear | Villager (Male) |
| 0:05 | Crear | Villager (Male) |
| 0:05 | Crear | Villager (Male) |
| 0:05 | Crear | Villager (Male) |
| 0:06 | Construir | House |
| 0:09 | Construir | House |
| 1:34 | Crear | Villager (Male) |
| 1:34 | Crear | Villager (Male) |
| 1:58 | Construir | Lumber Camp |
| 2:00 | Crear | Villager (Male) |
| 2:01 | Crear | Villager (Male) |
| 2:29 | Crear | Villager (Male) |
| 2:29 | Crear | Villager (Male) |
| 2:43 | Construir | House |
| 2:46 | Construir | House |
| 2:55 | Crear | Villager (Male) |
| 2:55 | Crear | Villager (Male) |
| 3:19 | Crear | Villager (Male) |
| 3:20 | Crear | Villager (Male) |
| 3:54 | Crear | Villager (Male) |
| 3:59 | Crear | Villager (Male) |
| 4:35 | Crear | Villager (Male) |
| 4:39 | Crear | Villager (Male) |
| 4:43 | Crear | Villager (Male) |
| 5:00 | Crear | Villager (Male) |
| 5:15 | Investigar | Loom |
| 5:17 | Construir | Mill |
| 6:03 | Crear | Villager (Male) |
| 6:05 | Investigar | Loom |
| 6:56 | Investigar | Feudal Age |
| 7:05 | Construir | House |
| 7:54 | Construir | Barracks |
| 8:57 | Crear | Villager (Male) |
| 8:58 | Crear | Villager (Male) |
| 9:06 | Edad | Edad Feudal |
| 9:08 | Construir | Stable |
| 9:30 | Construir | Stone Wall |
| 9:50 | Crear | Villager (Male) |
| 9:53 | Investigar | Double-Bit Axe |
| 9:53 | Crear | Scout Cavalry |
| 9:53 | Crear | Scout Cavalry |
| 9:54 | Crear | Scout Cavalry |
| 9:54 | Crear | Scout Cavalry |
| 10:00 | Construir | Gate |
| 10:21 | Crear | Villager (Male) |
| 10:33 | Construir | Blacksmith |
| 10:46 | Crear | Villager (Male) |
| 10:52 | Crear | Spearman |
| 11:05 | Crear | Scout Cavalry |
| 11:14 | Crear | Villager (Male) |
| 11:24 | Construir | Stone Wall |
| 11:30 | Construir | Stone Wall |
| 11:48 | Construir | Farm |
| 11:49 | Construir | Farm |
| 11:59 | Investigar | Scale Barding Armor |
| 11:59 | Investigar | Scale Barding Armor |
| 12:05 | Construir | Farm |
| 12:07 | Construir | Farm |
| 12:14 | Construir | House |
| 12:15 | Construir | House |
| 12:33 | Crear | Villager (Male) |
| 12:34 | Crear | Villager (Male) |
| 12:43 | Construir | Farm |
| 12:44 | Construir | Farm |
| 13:11 | Crear | Scout Cavalry |
| 13:24 | Construir | House |
| 13:25 | Construir | House |
| 13:30 | Construir | Farm |
| 13:38 | Crear | Villager (Male) |
| 13:48 | Construir | Farm |
| 13:54 | Crear | Villager (Male) |
| 13:59 | Construir | Farm |
| 14:18 | Investigar | Forging |
| 14:33 | Crear | Villager (Male) |
| 14:36 | Construir | Farm |
| 14:39 | Construir | Mining Camp |
| 14:40 | Crear | Villager (Male) |
| 14:48 | Crear | Villager (Male) |
| 14:51 | Construir | House |
| 15:35 | Crear | Villager (Male) |
| 15:50 | Crear | Villager (Male) |
| 15:59 | Construir | Stable |
| 16:14 | Crear | Scout Cavalry |
| 16:33 | Construir | Farm |
| 16:46 | Crear | Villager (Male) |
| 17:16 | Crear | Scout Cavalry |
| 17:18 | Crear | Scout Cavalry |
| 17:21 | Crear | Villager (Male) |
| 17:34 | Crear | Scout Cavalry |
| 17:53 | Crear | Spearman |
| 17:55 | Crear | Villager (Male) |
| 17:59 | Construir | Market |
| 18:23 | Crear | Villager (Male) |
| 18:33 | Construir | Stable |
| 18:49 | Construir | Stone Wall |
| 19:16 | Construir | House |
| 19:17 | Construir | House |
| 19:24 | Investigar | Castle Age |
| 19:33 | Construir | House |
| 19:35 | Construir | House |
| 19:37 | Construir | House |
| 20:01 | Investigar | Bloodlines |
| 20:01 | Investigar | Bloodlines |
| 20:47 | Construir | House |
| 20:49 | Construir | House |
| 21:03 | Construir | Mining Camp |
| 22:04 | Edad | Edad de los Castillos |
| 22:06 | Crear | Steppe Lancer |
| 22:06 | Crear | Steppe Lancer |
| 22:07 | Crear | Steppe Lancer |
| 22:07 | Crear | Steppe Lancer |
| 22:07 | Crear | Steppe Lancer |
| 22:07 | Crear | Steppe Lancer |
| 22:08 | Crear | Steppe Lancer |
| 22:20 | Crear | Villager (Male) |
| 22:20 | Crear | Villager (Male) |
| 22:41 | Investigar | Light Cavalry (upgrade) |
| 22:41 | Investigar | Light Cavalry (upgrade) |
| 22:47 | Construir | Farm |
| 23:03 | Crear | Steppe Lancer |
| 23:03 | Crear | Steppe Lancer |
| 23:21 | Crear | Villager (Male) |
| 23:21 | Crear | Villager (Male) |
| 23:30 | Construir | Town Center |
| 23:35 | Crear | Steppe Lancer |
| 23:35 | Crear | Steppe Lancer |
| 23:59 | Crear | Steppe Lancer |
| 23:59 | Crear | Steppe Lancer |
| 24:23 | Crear | Steppe Lancer |
| 24:23 | Crear | Steppe Lancer |
| 24:31 | Crear | Steppe Lancer |
| 24:31 | Crear | Steppe Lancer |
| 24:55 | Crear | Steppe Lancer |
| 24:55 | Crear | Steppe Lancer |
| 24:57 | Construir | Farm |
| 24:58 | Construir | Farm |
| 24:58 | Construir | Farm |
| 25:19 | Crear | Steppe Lancer |
| 25:20 | Crear | Steppe Lancer |
| 25:21 | Crear | Villager (Male) |
| 25:21 | Crear | Villager (Male) |
| 25:23 | Construir | Farm |
| 25:32 | Crear | Villager (Male) |
| 25:32 | Crear | Villager (Male) |
| 26:06 | Crear | Steppe Lancer |
| 26:06 | Crear | Steppe Lancer |
| 26:18 | Crear | Steppe Lancer |
| 26:18 | Crear | Steppe Lancer |
| 26:35 | Crear | Villager (Male) |
Build order — Rogue Knight
Primeras 150 de 374 acciones detectadas
| 0:02 | Crear | Villager (Male) |
| 0:02 | Crear | Villager (Male) |
| 0:02 | Crear | Villager (Male) |
| 0:04 | Construir | House |
| 0:05 | Construir | House |
| 0:43 | Crear | Villager (Male) |
| 1:29 | Crear | Villager (Male) |
| 1:54 | Construir | Lumber Camp |
| 2:03 | Crear | Villager (Male) |
| 2:22 | Crear | Villager (Male) |
| 2:50 | Crear | Villager (Male) |
| 2:51 | Crear | Villager (Male) |
| 3:15 | Crear | Villager (Male) |
| 3:20 | Construir | House |
| 3:44 | Crear | Villager (Male) |
| 3:44 | Crear | Villager (Male) |
| 4:19 | Crear | Villager (Male) |
| 4:34 | Crear | Villager (Male) |
| 5:10 | Crear | Villager (Male) |
| 5:25 | Investigar | Loom |
| 5:28 | Crear | Villager (Male) |
| 5:33 | Construir | Mill |
| 5:52 | Crear | Villager (Male) |
| 7:21 | Investigar | Feudal Age |
| 8:00 | Construir | House |
| 8:06 | Construir | Barracks |
| 8:41 | Construir | Farm |
| 8:42 | Construir | Farm |
| 9:26 | Crear | Villager (Male) |
| 9:31 | Edad | Edad Feudal |
| 9:34 | Construir | Stable |
| 9:39 | Construir | Farm |
| 9:39 | Construir | Farm |
| 9:40 | Construir | Farm |
| 9:40 | Construir | Farm |
| 9:43 | Crear | Villager (Male) |
| 9:45 | Investigar | Horse Collar |
| 10:07 | Crear | Villager (Male) |
| 10:19 | Construir | Farm |
| 10:20 | Construir | Farm |
| 10:20 | Construir | Farm |
| 10:20 | Construir | Farm |
| 10:36 | Crear | Scout Cavalry |
| 10:51 | Crear | Villager (Male) |
| 10:56 | Construir | Farm |
| 10:56 | Construir | Farm |
| 10:57 | Construir | Farm |
| 10:57 | Construir | Farm |
| 11:15 | Crear | Villager (Male) |
| 11:24 | Construir | Farm |
| 11:28 | Crear | Villager (Male) |
| 11:36 | Construir | House |
| 11:52 | Crear | Scout Cavalry |
| 12:02 | Crear | Villager (Male) |
| 12:08 | Crear | Villager (Male) |
| 12:25 | Crear | Villager (Male) |
| 12:38 | Construir | Blacksmith |
| 12:43 | Crear | Scout Cavalry |
| 12:50 | Construir | Farm |
| 12:50 | Construir | Farm |
| 12:51 | Construir | Farm |
| 12:51 | Construir | Farm |
| 12:51 | Construir | Farm |
| 13:08 | Crear | Villager (Male) |
| 13:11 | Crear | Scout Cavalry |
| 13:19 | Construir | Farm |
| 13:19 | Construir | Farm |
| 13:20 | Construir | Farm |
| 13:20 | Construir | Farm |
| 13:21 | Construir | Farm |
| 13:21 | Construir | Farm |
| 13:21 | Construir | Farm |
| 13:29 | Construir | Farm |
| 13:37 | Construir | Farm |
| 13:39 | Crear | Villager (Male) |
| 13:51 | Construir | Farm |
| 13:51 | Construir | Farm |
| 13:52 | Construir | Farm |
| 13:56 | Investigar | Double-Bit Axe |
| 13:57 | Crear | Scout Cavalry |
| 14:13 | Construir | Farm |
| 14:13 | Construir | Farm |
| 14:15 | Crear | Villager (Male) |
| 14:15 | Crear | Villager (Male) |
| 14:39 | Investigar | Scale Barding Armor |
| 14:45 | Construir | Farm |
| 14:45 | Construir | Farm |
| 14:46 | Construir | Farm |
| 14:46 | Construir | Farm |
| 14:51 | Construir | House |
| 15:00 | Crear | Villager (Male) |
| 15:06 | Construir | Farm |
| 15:13 | Crear | Villager (Male) |
| 15:27 | Construir | Mining Camp |
| 15:30 | Crear | Villager (Male) |
| 15:32 | Investigar | Forging |
| 15:57 | Crear | Villager (Male) |
| 16:23 | Crear | Villager (Male) |
| 16:35 | Crear | Scout Cavalry ×4 |
| 16:53 | Crear | Spearman |
| 16:53 | Crear | Spearman |
| 17:13 | Construir | House |
| 17:49 | Crear | Spearman |
| 17:53 | Crear | Villager (Male) |
| 18:19 | Crear | Villager (Male) |
| 18:24 | Construir | House |
| 19:00 | Investigar | Castle Age |
| 19:31 | Crear | Villager (Male) |
| 19:38 | Construir | Stable |
| 19:43 | Crear | Spearman |
| 19:43 | Crear | Spearman |
| 19:45 | Crear | Villager (Male) |
| 20:44 | Investigar | Wheelbarrow |
| 20:55 | Investigar | Bloodlines |
| 21:01 | Crear | Villager (Male) |
| 21:19 | Construir | Farm |
| 21:33 | Crear | Villager (Male) |
| 21:49 | Construir | House |
| 21:53 | Edad | Edad de los Castillos |
| 21:59 | Construir | Town Center |
| 22:02 | Crear | Knight ×5 |
| 22:10 | Construir | Town Center |
| 22:12 | Crear | Villager (Male) |
| 22:32 | Investigar | Pikeman (upgrade) |
| 22:33 | Crear | Villager (Male) |
| 22:44 | Construir | House |
| 23:03 | Crear | Villager (Male) |
| 23:14 | Crear | Villager (Male) |
| 23:27 | Construir | Farm |
| 23:27 | Construir | Farm |
| 23:27 | Construir | Farm |
| 23:28 | Construir | Farm |
| 23:28 | Construir | Farm |
| 23:28 | Construir | Farm |
| 23:28 | Construir | Farm |
| 23:29 | Construir | Farm |
| 23:43 | Crear | Villager (Male) |
| 23:45 | Crear | Villager (Male) |
| 23:48 | Construir | Farm |
| 23:49 | Construir | Farm |
| 23:49 | Construir | Farm |
| 24:02 | Crear | Villager (Male) |
| 24:35 | Crear | Villager (Male) |
| 24:49 | Crear | Villager (Male) |
| 24:50 | Crear | Villager (Male) |
| 24:51 | Crear | Villager (Male) |
| 24:52 | Crear | Villager (Male) |
| 24:52 | Crear | Villager (Male) |
| 24:53 | Crear | Villager (Male) |
| 25:06 | Crear | Villager (Male) |
Cronología de la partida
| 4:43 | rpallarols · wall_segment Palisade Wall x11 |
| 5:02 | 巧哥 · first_building Barracks |
| 5:49 | rpallarols · wall_segment Palisade Wall x2 |
| 7:00 | rpallarols · wall_segment Palisade Wall x18 |
| 7:50 | rpallarols · first_building Barracks |
| 7:54 | タタールが村に入った5番 · first_building Barracks |
| 8:00 | 金耀林 · first_building Barracks |
| 8:06 | Rogue Knight · first_building Barracks |
| 8:37 | rpallarols · wall_segment Palisade Wall x3 |
| 8:53 | Princess Mi Amore Cadenza · wall_segment Palisade Wall x3 |
| 8:56 | Princess Mi Amore Cadenza · wall_segment Palisade Wall x2 |
| 8:58 | Wolo10 · first_building Barracks |
| 9:02 | 金耀林 · age_up feudal |
| 9:05 | 金耀林 · first_building Archery Range |
| 9:06 | タタールが村に入った5番 · age_up feudal |
| 9:08 | タタールが村に入った5番 · first_building Stable |
| 9:17 | Princess Mi Amore Cadenza · age_up feudal |
| 9:21 | Princess Mi Amore Cadenza · first_building Stable |
| 9:30 | タタールが村に入った5番 · wall_segment Stone Wall x14 |
| 9:31 | Rogue Knight · age_up feudal |
| 9:34 | Rogue Knight · first_building Stable |
| 9:43 | Wolo10 · age_up feudal |
| 9:46 | rpallarols · age_up feudal |
| 9:48 | rpallarols · first_building Stable |
| 9:56 | Wolo10 · first_building Archery Range |
| 10:00 | rpallarols · wall_segment Palisade Wall x14 |
| 10:02 | 巧哥 · wall_segment Palisade Wall x3 |
| 10:19 | Princess Mi Amore Cadenza · wall_segment Palisade Wall x1 |
| 10:26 | Princess Mi Amore Cadenza · wall_segment Palisade Wall x5 |
| 10:44 | chengaopeng044 · first_building Barracks |
| 10:54 | 巧哥 · wall_segment Palisade Wall x1 |
| 11:01 | 巧哥 · wall_segment Palisade Wall x9 |
| 11:07 | Princess Mi Amore Cadenza · wall_segment Palisade Wall x11 |
| 11:09 | rpallarols · wall_segment Palisade Wall x15 |
| 11:24 | タタールが村に入った5番 · wall_segment Stone Wall x8 |
| 11:25 | 巧哥 · wall_segment Palisade Wall x5 |
| 11:25 | chengaopeng044 · age_up feudal |
| 11:30 | タタールが村に入った5番 · wall_segment Stone Wall x6 |
| 11:35 | 巧哥 · wall_segment Palisade Wall x1 |
| 11:43 | 巧哥 · age_up feudal |
| 11:56 | rpallarols · wall_segment Palisade Wall x5 |
| 11:59 | Princess Mi Amore Cadenza · wall_segment Palisade Wall x4 |
| 12:00 | chengaopeng044 · first_building Stable |
| 12:30 | 巧哥 · wall_segment Stone Wall x14 |
| 12:36 | 巧哥 · first_building Archery Range |
| 12:53 | 巧哥 · wall_segment Stone Wall x14 |
| 12:57 | 巧哥 · wall_segment Stone Wall x1 |
| 13:31 | Princess Mi Amore Cadenza · wall_segment Palisade Wall x1 |
| 14:03 | Princess Mi Amore Cadenza · wall_segment Palisade Wall x6 |
| 14:03 | Wolo10 · wall_segment Palisade Wall x1 |
| 14:04 | Wolo10 · wall_segment Palisade Wall x1 |
| 14:17 | rpallarols · wall_segment Palisade Wall x8 |
| 15:18 | chengaopeng044 · age_up castle |
| 15:47 | chengaopeng044 · first_building Monastery |
| 15:49 | Wolo10 · wall_segment Palisade Wall x1 |
| 16:31 | Wolo10 · wall_segment Palisade Wall x1 |
| 17:06 | 巧哥 · wall_segment Stone Wall x1 |
| 17:10 | 巧哥 · wall_segment Stone Wall x1 |
| 17:20 | rpallarols · wall_segment Palisade Wall x4 |
| 17:23 | Princess Mi Amore Cadenza · wall_segment Palisade Wall x1 |
| 17:32 | Princess Mi Amore Cadenza · wall_segment Palisade Wall x17 |
| 17:36 | 巧哥 · first_market_buy 100 food |
| 17:37 | Princess Mi Amore Cadenza · wall_segment Palisade Wall x16 |
| 17:40 | Wolo10 · wall_segment Palisade Wall x9 |
| 17:41 | 巧哥 · first_market_sell 100 wood |
| 18:06 | Princess Mi Amore Cadenza · wall_segment Palisade Wall x1 |
| 18:14 | Wolo10 · wall_segment Palisade Wall x1 |
| 18:19 | Wolo10 · wall_segment Palisade Wall x1 |
| 18:20 | Wolo10 · wall_segment Palisade Wall x1 |
| 18:20 | Wolo10 · wall_segment Palisade Wall x1 |
| 18:49 | タタールが村に入った5番 · wall_segment Stone Wall x1 |
| 19:09 | タタールが村に入った5番 · first_market_buy 100 food |
| 19:14 | rpallarols · wall_segment Palisade Wall x1 |
| 19:17 | rpallarols · wall_segment Palisade Wall x1 |
| 19:23 | タタールが村に入った5番 · first_market_sell 100 wood |
| 20:44 | chengaopeng044 · first_building Siege Workshop |
| 21:03 | 巧哥 · age_up castle |
| 21:12 | 巧哥 · first_building Krepost |
| 21:29 | rpallarols · age_up castle |
| 21:31 | rpallarols · wall_segment Palisade Wall x12 |
| 21:43 | Wolo10 · age_up castle |
| 21:53 | Rogue Knight · age_up castle |
| 22:02 | Princess Mi Amore Cadenza · wall_segment Palisade Wall x1 |
| 22:04 | タタールが村に入った5番 · age_up castle |
| 23:20 | Princess Mi Amore Cadenza · first_market_sell 100 food |
| 24:02 | rpallarols · first_building Monastery |
| 24:07 | 金耀林 · age_up castle |
| 24:38 | Princess Mi Amore Cadenza · wall_segment Stone Wall x1 |
| 24:45 | Princess Mi Amore Cadenza · wall_segment Stone Wall x3 |
| 26:09 | Princess Mi Amore Cadenza · age_up castle |
| 27:17 | Wolo10 · wall_segment Palisade Wall x1 |
| 27:38 | Wolo10 · wall_segment Palisade Wall x1 |
| 29:56 | Princess Mi Amore Cadenza · first_market_buy 100 stone |
| 29:56 | 巧哥 · first_building Stable |
| 30:07 | Rogue Knight · first_building Siege Workshop |
| 30:26 | rpallarols · wall_segment Palisade Wall x1 |
| 30:52 | Rogue Knight · first_building Monastery |
| 31:03 | chengaopeng044 · first_market_buy 100 wood |
| 31:08 | Wolo10 · wall_segment Stone Wall x4 |
| 31:09 | Wolo10 · wall_segment Stone Wall x5 |
| 31:11 | Wolo10 · wall_segment Stone Wall x5 |
| 31:12 | Wolo10 · wall_segment Stone Wall x5 |
| 31:16 | Princess Mi Amore Cadenza · wall_segment Stone Wall x1 |
| 31:19 | rpallarols · wall_segment Stone Wall x1 |
| 31:24 | Wolo10 · first_building Siege Workshop |
| 31:56 | Wolo10 · wall_segment Palisade Wall x18 |
| 32:34 | rpallarols · wall_segment Stone Wall x17 |
| 32:38 | 金耀林 · first_building Monastery |
| 34:56 | Princess Mi Amore Cadenza · wall_segment Stone Wall x1 |
| 35:12 | rpallarols · first_building Siege Workshop |
| 35:29 | Princess Mi Amore Cadenza · wall_segment Stone Wall x3 |
| 35:45 | Wolo10 · first_market_sell 100 food |
| 35:47 | Wolo10 · first_market_buy 100 stone |
| 36:00 | Wolo10 · first_building Castle |
| 36:07 | rpallarols · wall_segment Stone Wall x1 |
| 36:12 | rpallarols · first_building Castle |
| 36:17 | タタールが村に入った5番 · resign |
| 36:51 | 金耀林 · first_building Castle |
| 36:56 | 巧哥 · age_up imperial |
| 37:49 | Rogue Knight · age_up imperial |
| 37:56 | Wolo10 · age_up imperial |
| 39:37 | chengaopeng044 · first_market_sell 100 wood |
| 40:16 | Princess Mi Amore Cadenza · wall_segment Stone Wall x2 |
| 40:19 | Princess Mi Amore Cadenza · wall_segment Stone Wall x1 |
[ ANÁLISIS IA · 1 CRÉDITO ]
¿Qué pasó realmente en esta partida?
Wolo.gg analiza cada decisión: build order, eco, micro, errores típicos por bracket. Análisis personalizado por WhatsApp o Discord en 30 segundos.
Guía civ
Etíopes
Perfil
Jugador #21116417